 Dungeon Crawl Stone Soup version 0.21.1-1-g345015f (webtiles) character file.

2174 Mirai the Cleaver (level 9, -6/111 HPs)
             Began as a Demonspawn Berserker on Mar 2, 2018.
             Was an Elder of Trog.
             Mangled by an orc warrior
             ... wielding a +0 trident
              (14 damage)
             ... on level 6 of the Dungeon.
             The game lasted 00:13:42 (4857 turns).

Mirai the Cleaver (Demonspawn Berserker)            Turns: 4857, Time: 00:13:43

Health: -6/111     AC: 15    Str: 22      XL:     9   Next: 11%
Magic:  0/9        EV: 10    Int:  7 (10) God:    Trog [****..]
Gold:   197        SH:  0    Dex: 17      Spells: 8/8 levels left

rFire    . . .     SeeInvis .   a - +0 hand axe
rCold    + + .     Gourm    +   (no shield)
rNeg     . . .     Faith    .   h - +1 plate armour
rPois    +         Spirit   +   s - +0 helmet
rElec    .         Reflect  .   (no cloak)
rCorr    .         Harm     .   (gloves unavailable)
MR       .....                  (no boots)
Stlth    ..........             E - amulet of the gourmand
HPRegen  0.28/turn              f - ring of protection from cold
MPRegen  0.11/turn              o - ring of protection from cold

@: berserking, very quick
A: claws 3, talons 1, clever 1, deterioration 1, poison resistance, powered by
death 1, magic shield
a: Berserk, Trog's Hand, Brothers in Arms, Burn Spellbooks, Renounce Religion


You were on level 6 of the Dungeon.
You worshipped Trog.
Trog was greatly pleased with you.
You were full.

You visited 1 branch of the dungeon, and saw 6 of its levels.
You also visited: Ossuary.

You collected 197 gold pieces.

Inventory:

Hand Weapons
 a - a +0 hand axe (weapon)
 g - a +0 war axe
 w - a +0 hand axe
 x - a +1 hand axe
 G - a +0 hand axe
 M - a +0 hand axe
Armour
 b - a +0 leather armour
 h - a +1 plate armour (worn)
 j - a +0 robe
 l - a +0 leather armour
 n - a +0 scale mail
 p - a +0 robe
 s - a +0 helmet (worn)
 v - a +0 chain mail
 y - a +0 chain mail
 z - a +0 plate armour
 A - a +0 scale mail
 C - a +0 leather armour
 D - a +0 pair of gloves
 H - a cursed +0 ring mail
 I - a +0 robe
 J - a +0 leather armour
 K - a +0 leather armour
 N - a +0 chain mail
 O - a +0 leather armour
 P - a +0 robe
 Q - a +0 leather armour
Jewellery
 f - a ring of protection from cold (left claw)
 o - a ring of protection from cold (right claw)
 E - an amulet of the gourmand (around neck)
Wands
 q - a wand of digging (8)
Scrolls
 e - 9 scrolls of teleportation
 i - 10 scrolls of identify
 k - 4 scrolls of enchant armour
 R - a scroll of remove curse
Potions
 d - 2 potions of invisibility {unknown}
 m - a potion of mutation
 r - 2 potions of magic {unknown}
 t - 3 potions of curing {unknown}
 u - a potion of flight {unknown}
 B - a potion of degeneration {unknown}
 F - 4 potions of might {unknown}
 L - 2 potions of resistance {unknown}
Comestibles
 c - 6 rations


   Skills:
 + Level 7.9 Fighting
 + Level 8.9 Axes
 + Level 7.0 Armour
 + Level 6.0 Dodging


You had 8 spell levels left.
You didn't know any spells.

Dungeon Overview and Level Annotations

Branches:
Dungeon (6/15)             Temple (0/1) D:4

Altars:
Dithmenos
Sif Muna
Trog
The Shining One

Shops:
D:4 *


Innate Abilities, Weirdness & Mutations

You have claws for hands.
You have sharp toenails.
You regenerate a little health from kills.
When hurt, damage is shared between your health and your magic reserves.
Your mind is acute. (Int +2)
Your body sometimes deteriorates upon taking damage.
Your system is resistant to poisons. (rPois)


Message History

The orc warrior hits you with a trident!
The orc warrior hits you with a trident!!
Your body deteriorates!
You feel dopey.
You hit the orc warrior but do no damage.
The orc warrior is heavily wounded.
The orc warrior hits you with a trident!!
* * * LOW HITPOINT WARNING * * *
Your body deteriorates!
You feel dopey.
You hit the orc warrior but do no damage.
You claw the orc warrior.
The orc warrior is heavily wounded.
The orc warrior hits you with a trident!
* * * LOW HITPOINT WARNING * * *
Your body deteriorates!
You feel dopey.
Okay, then.
Okay, then.
A red film seems to cover your vision as you go berserk!
You feel yourself moving faster!
You feel mighty!
The orc warrior hits you with a trident!
You die...

... ...
#############.#######
#..o@.......#.#......
#.####.####.#.#W####.
#.#....#.#....#)
#†#.####.####.#.
#.#...........#.
#.#############. ...
....W.... .....
....+... ......# ..
#...


You could see an orc warrior (berserk).

Vanquished Creatures
  The ghost of soepske the Caller, a novice GnSu (D:6)
  An ice beast (D:5)
  A black bear (D:6)
  A phantom (D:6)
  2 centaurs
  An ogre (D:4)
  An elf zombie (Ossuary)
  A scorpion (D:6)
  A howler monkey (D:4)
  3 crimson imps
  2 bullfrog zombies (D:5)
  A centaur zombie (Ossuary)
  A human zombie (Ossuary)
  The ghost of inc the Conjurer, a weakling FeWz (D:3)
  A bullfrog skeleton (D:4)
  2 orc priests
  5 orc wizards
  3 worker ants
  A hound zombie (D:5)
  A hound skeleton (D:5)
  3 mummies
  5 adders
  An ooze (D:1)
  An adder zombie (Ossuary)
  A worm (D:3)
  A dart slug (D:1)
  6 leopard geckos
  17 orcs
  3 ball pythons
  8 giant cockroaches
  3 goblins
  4 hobgoblins
  2 quokkas (D:2)
  9 bats
  3 frilled lizards
  A goblin skeleton (D:4)
  6 goblin zombies
  10 hobgoblin zombies
  A jackal skeleton (D:4)
  8 kobolds
  A kobold skeleton (D:4)
  12 kobold zombies (Ossuary)
  A leopard gecko skeleton (D:4)
  An orc skeleton (D:4)
  10 orc zombies
  10 rats
  3 rat zombies (Ossuary)
162 creatures vanquished.

Notes
Turn   | Place    | Note
-------+----------+-------------------------------------------
     0 | D:1      | Mirai the Demonspawn Berserker began the quest for the Orb.
     0 | D:1      | Reached XP level 1. HP: 18/18 MP: 1/1
   227 | D:1      | Reached skill level 3 in Axes
   270 | D:1      | Gained mutation: You have sharp fingernails. [demonic ancestry]
   270 | D:1      | Reached XP level 2. HP: 19/24 MP: 2/2
   707 | D:2      | Found a deep blue altar of Sif Muna.
   753 | D:2      | Reached XP level 3. HP: 24/29 MP: 3/3
   960 | D:2      | Reached ** piety under Trog
  1039 | D:2      | Gained mutation: Your system is resistant to poisons. (rPois) [potion of mutation]
  1039 | D:2      | Gained mutation: Your body sometimes deteriorates upon taking damage. [potion of mutation]
  1039 | D:2      | Gained mutation: Your mind is acute. (Int +2) [potion of mutation]
  1564 | D:3      | Noticed inc's ghost (weakling FeWz)
  1572 | D:3      | Killed inc's ghost
  1572 | D:3      | Reached skill level 4 in Axes
  1572 | D:3      | Gained mutation: You have sharp toenails. [demonic ancestry]
  1572 | D:3      | Reached XP level 4. HP: 35/35 MP: 4/4
  1741 | D:3      | Found a shadowy altar of Dithmenos.
  1751 | D:3      | Gained mutation: You have very sharp fingernails. [demonic ancestry]
  1751 | D:3      | Reached XP level 5. HP: 41/41 MP: 5/5
  2007 | D:3      | Found a shadowy altar of Dithmenos.
  2421 | D:4      | Found a staircase to the Ecumenical Temple.
  2458 | D:4      | Reached skill level 5 in Axes
  2530 | D:4      | Noticed an ogre
  2535 | D:4      | Killed an ogre
  2535 | D:4      | Gained mutation: When hurt, damage is shared between your health and your magic reserves. [demonic ancestry]
  2535 | D:4      | Reached XP level 6. HP: 25/48 MP: 6/6
  2553 | D:4      | Found a sand-covered staircase.
  2603 | D:4      | Reached skill level 8 in Axes
  2603 | D:4      | Reached XP level 7. HP: 35/60 MP: 7/7
  2706 | Ossuary  | Entered an ossuary
  2765 | Ossuary  | Reached *** piety under Trog
  3179 | D:4      | Found a glowing golden altar of the Shining One.
  3186 | D:4      | Reached **** piety under Trog
  3262 | D:4      | Gained mutation: You have claws for hands. [demonic ancestry]
  3262 | D:4      | Reached XP level 8. HP: 56/67 MP: 5/8
  3617 | D:4      | Found Vehuipn's Assorted Antiques.
  3892 | D:5      | Entered Level 5 of the Dungeon
  4377 | D:5      | Found a bloodstained altar of Trog.
  4805 | D:6      | Noticed soepske's ghost (novice GnSu)
  4825 | D:6      | Killed soepske's ghost
  4825 | D:6      | Gained mutation: You regenerate a little health from kills. [demonic ancestry]
  4825 | D:6      | Reached XP level 9. HP: 74/74 MP: 6/9
  4857 | D:6      | Mangled by an orc warrior

Skill      XL: |  1  2  3  4  5  6  7  8 |
---------------+-------------------------+-----
Axes           | 3 4 5 8 |  8.9
Dodging        | 2 6 |  6.0
Armour         | 2 3 6 7 |  7.0
Fighting       | 7 |  7.9

Action                   |  1- 3 |  4- 6 |  7- 9 || total
-------------------------+-------+-------+-------++-------
Melee: Hand axe          |   165 |    78 |   318 ||   561
       Kick              |       |    23 |   122 ||   145
Invok: Berserk           |     2 |     2 |     5 ||     9
  Use: Potion            |     2 |     1 |       ||     3
       Scroll            |       |     9 |       ||     9
  Eat: Chunk             |     3 |    13 |    14 ||    30
Armor: Plate armour      |   123 |    75 |   172 ||   370
       Animal skin       |     6 |       |       ||     6
Dodge: Dodged            |    69 |    27 |   103 ||   199
